[Event "Titled Tuesday Blitz August 09 Early 2022"]
[White "Large, Peter G"]
[Black "Pein, Jonathan"]
[WhiteFideId "400866"]
[BlackFideId "417092"]
[WhiteElo "2064"]
[BlackElo "2140"]
[Result "1-0"]
[Round "06"]
[TimeControl "180+1"]
[Date "2022.08.09"]
[WhiteClock "0:00:37"]
[BlackClock "0:00:20"]

1. Nf3 g6 2. b3 Bg7 3. d4 c5 4. Bb2 Nc6 5. e3 d5 6. Be2 Nf6 7. O-O b6 8. dxc5 bxc5 9. c4 O-O 10. cxd5 Qxd5 11. Qxd5 Nxd5 12. Bxg7 Kxg7 13. Rc1 Bb7 14. Nc3 Nxc3 15. Rxc3 Rfd8 16. Rxc5 Rd6 17. Rac1 Rad8 18. Kf1 e6 19. a3 h6 20. b4 a6 21. h4 Kf8 22. Ke1 Ke7 23. Bxa6 Nxb4 24. axb4 Bxa6 25. b5 Bb7 26. Rc7+ R8d7 27. Ne5 Rd1+ 28. Rxd1 Rxc7 29. f3 g5 30. hxg5 hxg5 31. b6 Rc3 32. Rd7+ Ke8 33. Kd2 Rc5 34. Rxb7 Rxe5 35. Rc7 Kd8 36. Rxf7 Rb5 37. b7 Ke8 38. Rh7 Rb2+ 39. Kc3 1-0


[Site "https://www.chess.com"]

[Event "Titled Tuesday Blitz August 09 Early 2022"]
[White "Lebedev, Artem S."]
[Black "Pourkashiyan, Atousa"]
[WhiteFideId "34272747"]
[BlackFideId "12502014"]
[WhiteElo "1699"]
[BlackElo "2247"]
[Result "0-1"]
[Round "06"]
[TimeControl "180+1"]
[Date "2022.08.09"]
[WhiteClock "0:01:56"]
[BlackClock "0:02:29"]

1. e4 g6 2. d4 Bg7 3. Nf3 d6 4. Be3 Nf6 5. Nbd2 Nbd7 6. Bc4 e5 7. dxe5 dxe5 8. O-O O-O 9. Qe2 Qe7 10. Rad1 c6 11. Bg5 b5 12. Bb3 Nc5 13. c4 a6 14. Bc2 Ne6 15. Bh4 Nf4 16. Qe3 Bh6 17. Bg5 Bxg5 18. Nxg5 Ng4 0-1


[Site "https://www.chess.com"]

[Event "Titled Tuesday Blitz August 09 Early 2022"]
[White "Livaic, Leon"]
[Black "Wagner, Dennis"]
[WhiteFideId "14531534"]
[BlackFideId "24650684"]
[WhiteElo "2871"]
[BlackElo "2712"]
[Result "1-0"]
[Round "06"]
[TimeControl "180+1"]
[Date "2022.08.09"]
[WhiteClock "0:00:23"]
[BlackClock "0:00:14"]

1. d4 Nf6 2. c4 e6 3. Nf3 d5 4. Nc3 Bb4 5. Qa4+ Nc6 6. Bg5 dxc4 7. a3 Bxc3+ 8. bxc3 Qd5 9. Bxf6 gxf6 10. Nd2 b5 11. Qc2 Bb7 12. e4 Qg5 13. a4 a6 14. Rb1 Na7 15. Nxc4 O-O 16. Ne3 c5 17. h4 Qf4 18. d5 exd5 19. exd5 Rfe8 20. Be2 Rxe3 21. fxe3 Qg3+ 22. Kf1 Bxd5 23. e4 Qf4+ 24. Bf3 Bc4+ 25. Kf2 Nc6 26. Qc1 Qc7 27. Qe3 Ne5 28. Rhd1 bxa4 29. Qh6 Qc6 30. Rd2 a3 31. Rbd1 Re8 32. Rd6 Qa4 33. Qxf6 a2 34. Rd8 Nd3+ 35. R1xd3 Bxd3 36. Qg5+ Kh8 37. Qe5+ Kg8 38. Rxe8+ Qxe8 39. Qxe8+ Kg7 40. Qa4 1-0


[Site "https://www.chess.com"]

[Event "Titled Tuesday Blitz August 09 Early 2022"]
[White "Locci, Damiano"]
[Black "Gonzalez Vega, Alejandro"]
[WhiteFideId "819751"]
[BlackFideId "3510042"]
[WhiteElo "2363"]
[BlackElo "2211"]
[Result "1-0"]
[Round "06"]
[TimeControl "180+1"]
[Date "2022.08.09"]
[WhiteClock "0:00:08"]
[BlackClock "0:00:02"]

1. c4 e5 2. Nc3 Nc6 3. Nf3 Nf6 4. e3 d6 5. d4 Be7 6. Be2 O-O 7. O-O Re8 8. b3 Bf8 9. Ba3 e4 10. Nd2 Bf5 11. Re1 h6 12. Nf1 Bg6 13. Ng3 a6 14. Rc1 Qd7 15. Bf1 h5 16. Nce2 h4 17. Nh1 Bh5 18. Qd2 Qf5 19. Nf4 Bg6 20. Bb2 Bh7 21. b4 g5 22. Nh3 Bg7 23. a3 Ne7 24. d5 Ng6 25. Red1 Ne5 26. Be2 Bg6 27. Qe1 Bh5 28. c5 Bxe2 29. Qxe2 Nfg4 30. cxd6 cxd6 31. Rc7 Nd3 32. Bxg7 Kxg7 33. f3 Nxe3 34. Qxe3 exf3 35. Qxg5+ Qxg5 36. Nxg5 fxg2 37. Kxg2 Nf4+ 38. Kf3 Ng6 39. Rxf7+ Kg8 40. Rxb7 Ne5+ 41. Kg2 Rac8 42. Nf2 Rc2 43. Rg1 Rf8 44. Nh3 Kh8 45. Rf1 Rg8+ 46. Kh1 Nf3 47. Rf7 1-0


[Site "https://www.chess.com"]

[Event "Titled Tuesday Blitz August 09 Early 2022"]
[White "Machidon, Cristi"]
[Black "Rios Escobar, Adan"]
[WhiteFideId "13904590"]
[BlackFideId "3403645"]
[WhiteElo "2312"]
[BlackElo "2399"]
[Result "0-1"]
[Round "06"]
[TimeControl "180+1"]
[Date "2022.08.09"]
[WhiteClock "0:00:02"]
[BlackClock "0:00:07"]

1. d4 Nf6 2. c4 g6 3. Nc3 Bg7 4. Nf3 O-O 5. g3 d5 6. cxd5 Nxd5 7. Bg2 Nxc3 8. bxc3 c5 9. O-O Nc6 10. e3 Qa5 11. Bd2 cxd4 12. cxd4 Qh5 13. Rb1 Rb8 14. a4 a6 15. d5 Qxd5 16. Nd4 Qd6 17. Nxc6 bxc6 18. Rxb8 Qxb8 19. Qc2 Bd7 20. Rb1 Qd6 21. Bb4 Qf6 22. Bc5 Bf5 23. e4 Bc8 24. f4 Qc3 25. Qxc3 Bxc3 26. e5 Bf5 27. Rc1 Bd2 28. Rd1 Rd8 29. Kf1 Bd3+ 30. Kf2 Bc2 31. Ra1 e6 32. Ke2 Bc3 33. Rc1 Rd2+ 34. Kf1 Bd3+ 35. Kg1 Bb2 36. Re1 Rc2 37. Be3 Rc4 38. Bf3 Bc3 39. Rc1 Bd4 40. Re1 Bxe3+ 41. Rxe3 Bc2 42. a5 Ba4 43. Be2 Rc1+ 44. Kf2 Bb5 45. Bf3 Rc2+ 46. Kg1 Ra2 47. Rc3 Rxa5 48. Bxc6 Ra1+ 49. Kg2 Ra2+ 50. Kh3 Kg7 51. Bf3 Bf1+ 52. Kg4 h5+ 53. Kg5 Rxh2 54. Rc7 Rh3 55. Bc6 Rxg3+ 56. Kh4 Rh3+ 57. Kg5 Rg3+ 58. Kh4 Rg4# 0-1


[Site "https://www.chess.com"]

[Event "Titled Tuesday Blitz August 09 Early 2022"]
[White "Maiorov, Nikita"]
[Black "Rustemov, Alexander"]
[WhiteFideId "13501720"]
[BlackFideId "4119002"]
[WhiteElo "2409"]
[BlackElo "2781"]
[Result "1-0"]
[Round "06"]
[TimeControl "180+1"]
[Date "2022.08.09"]
[WhiteClock "0:00:04"]
[BlackClock "0:00:16"]

1. d4 d5 2. c4 c6 3. Nc3 dxc4 4. e3 Be6 5. Nf3 Nf6 6. Be2 g6 7. O-O Bg7 8. Ng5 Qd7 9. Nxe6 Qxe6 10. a4 O-O 11. Qc2 Nbd7 12. e4 b5 13. axb5 cxb5 14. e5 Nd5 15. Nxb5 N7b6 16. Nc3 Rfc8 17. Qe4 Qc6 18. Bf3 e6 19. h4 a5 20. Qe2 a4 21. Ne4 a3 22. bxa3 c3 23. Nd6 Rc7 24. h5 Nc4 25. hxg6 hxg6 26. Ne4 Qb6 27. Nf6+ Bxf6 28. exf6 Qxd4 29. Bg5 Qe5 30. Qxe5 Nxe5 31. Bxd5 exd5 32. Bf4 Re8 33. Rfe1 c2 34. Bxe5 Rxe5 35. Rxe5 d4 36. Rd5 c1=Q+ 37. Rxc1 Rxc1+ 38. Kh2 Ra1 39. Rd8+ Kh7 40. Rf8 Rxa3 41. Rxf7+ Kh6 42. Rd7 Rd3 43. f3 g5 44. Kh3 Kg6 45. f7 Kg7 46. Kg4 Rd2 47. g3 Rg2 48. Rxd4 Kxf7 49. Rd5 Kf6 50. Rf5+ Ke6 51. Rxg5 Kf6 52. Rf5+ Ke6 53. Rg5 Ra2 54. f4 Kf6 55. Re5 Ra1 56. Rf5+ Kg6 57. Rg5+ Kf6 58. Rb5 Kg6 59. Rb6+ Kf7 60. Kg5 Ra5+ 61. f5 Ra7 62. g4 Kg7 63. Rc6 Rb7 64. Ra6 Rc7 65. Kh5 Rc1 66. Ra7+ Kf6 67. Ra6+ Kg7 68. Rg6+ Kh7 69. Kg5 Rc7 70. Re6 Kg7 71. f6+ Kf8 72. Kg6 Rc8 73. Ra6 Rb8 74. g5 Kg8 75. Ra7 Kh8 76. Rh7+ Kg8 77. f7+ Kf8 78. Rh8+ 1-0


[Site "https://www.chess.com"]

[Event "Titled Tuesday Blitz August 09 Early 2022"]
[White "Makarian, Rudik"]
[Black "Bazeev, German"]
[WhiteFideId "44105681"]
[BlackFideId "24119350"]
[WhiteElo "2858"]
[BlackElo "2702"]
[Result "1-0"]
[Round "06"]
[TimeControl "180+1"]
[Date "2022.08.09"]
[WhiteClock "0:00:13"]
[BlackClock "0:00:13"]

1. c4 e5 2. Nc3 Nf6 3. Nf3 Nc6 4. e3 Bb4 5. Qc2 Bxc3 6. Qxc3 d6 7. b4 O-O 8. Bb2 Re8 9. Be2 Bf5 10. d3 h6 11. O-O Ne7 12. a4 a5 13. b5 b6 14. Nd2 Bc8 15. Bf3 Rb8 16. h3 Bb7 17. Bxb7 Rxb7 18. f4 Ng6 19. f5 Nf8 20. e4 N6d7 21. Nf3 f6 22. g4 Kf7 23. Kg2 Nc5 24. Bc1 Ke7 25. Be3 Rb8 26. d4 exd4 27. Nxd4 Kf7 28. Nc6 Qd7 29. Bxc5 bxc5 30. Nxb8 Rxb8 31. Qxa5 Qe7 32. Rfe1 h5 33. Qc3 h4 34. a5 Nd7 35. a6 Nb6 36. a7 Ra8 37. e5 fxe5 38. f6 Qe6 39. fxg7 Kxg7 40. Re4 Qf7 41. Qe3 Qg6 42. g5 Rf8 43. Rxh4 Qc2+ 44. Kg1 Nxc4 45. Rxc4 Qxc4 46. a8=Q Rxa8 47. Rxa8 Qd5 48. Ra1 c4 49. Rf1 Qxb5 50. Qf3 1-0


[Site "https://www.chess.com"]

[Event "Titled Tuesday Blitz August 09 Early 2022"]
[White "Malek, Jan"]
[Black "Nurmanova, Alua"]
[WhiteFideId "21864080"]
[BlackFideId "13729390"]
[WhiteElo "2143"]
[BlackElo "1921"]
[Result "0-1"]
[Round "06"]
[TimeControl "180+1"]
[Date "2022.08.09"]
[WhiteClock "0:00:09"]
[BlackClock "0:00:18"]

1. c4 Nf6 2. Nf3 g6 3. g3 Bg7 4. Bg2 O-O 5. O-O d6 6. Nc3 e5 7. d4 Nbd7 8. e4 exd4 9. Nxd4 Re8 10. Re1 Nc5 11. h3 a5 12. b3 Bd7 13. Ba3 Qc8 14. Kh2 Re5 15. g4 Bxg4 16. hxg4 Nxg4+ 17. Kg1 Rh5 18. Nd5 Qd7 19. Bb2 Re8 20. Rb1 Ne5 21. Re3 c6 22. Nf4 Rh4 23. Nde2 Bh6 24. Bxe5 Rxe5 25. Rh3 Qe7 26. Rxh4 Qxh4 27. Qxd6 Bxf4 28. Nxf4 Qxf4 29. Re1 Nxe4 30. Qd8+ Kg7 31. Qd4 c5 32. Rxe4 Qc1+ 33. Bf1 cxd4 34. Rxe5 d3 35. Kg2 d2 36. Be2 d1=Q 37. Bxd1 Qxd1 38. Rd5 Qg4+ 39. Kf1 Qe4 40. Rb5 Qb1+ 41. Kg2 Qxa2 42. Rxb7 Qc2 43. Rb5 Qe4+ 44. f3 Qd3 45. Rb7 Qd2+ 46. Kh3 h5 47. c5 g5 48. c6 Qf4 49. Kg2 g4 50. fxg4 Qxg4+ 51. Kh2 Qf4+ 52. Kg1 Qe3+ 53. Kh2 Qe5+ 54. Kg1 Qd4+ 55. Kf1 Qd3+ 56. Kf2 Qc2+ 0-1


[Site "https://www.chess.com"]

[Event "Titled Tuesday Blitz August 09 Early 2022"]
[White "Mardov, Dimitar"]
[Black "Karttunen, Mika"]
[WhiteFideId "30919495"]
[BlackFideId "502081"]
[WhiteElo "2862"]
[BlackElo "2709"]
[Result "1-0"]
[Round "06"]
[TimeControl "180+1"]
[Date "2022.08.09"]
[WhiteClock "0:00:05"]
[BlackClock "0:00:18"]

1. d4 Nf6 2. c4 e6 3. Nc3 d5 4. Nf3 Bb4 5. Qa4+ Nc6 6. e3 O-O 7. Qc2 a6 8. Bd2 Bd6 9. Be2 dxc4 10. Bxc4 e5 11. dxe5 Nxe5 12. Nxe5 Bxe5 13. O-O-O Qe7 14. h3 b5 15. Bd3 Bb7 16. f4 Bd6 17. e4 b4 18. e5 bxc3 19. Bxc3 Nd5 20. exd6 cxd6 21. Bxh7+ Kh8 22. Rhe1 Qh4 23. Be4 Nxc3 24. bxc3 Rab8 25. Bxb7 Rxb7 26. Re4 Rfb8 27. Rxd6 a5 28. Rd5 Qg3 29. Rh5+ Kg8 30. Re8+ Rxe8 31. Qh7+ Kf8 32. Qh8+ Ke7 33. Re5+ Kf6 34. Qxe8 Qxf4+ 35. Re3 Rc7 36. Kc2 Qf5+ 37. Qe4 Qxe4+ 38. Rxe4 Rc5 39. Rf4+ Ke6 40. Kd3 f5 41. Rc4 Rd5+ 42. Rd4 Re5 43. Kd2 Rb5 44. Kc2 g5 45. Rd2 f4 46. g3 Kf5 47. gxf4 gxf4 48. c4 Rb8 49. Kc3 f3 50. c5 Ke4 51. Kc4 Rb4+ 52. Kc3 Rb1 53. Kc4 Ke3 54. Rd8 f2 55. Re8+ Kd2 56. Rd8+ Kc2 57. Rf8 f1=Q+ 58. Rxf1 Rxf1 59. c6 Kb2 60. a4 Ka3 61. Kb5 Rc1 62. h4 Rh1 63. c7 Rc1 64. Kb6 Kxa4 65. h5 Kb4 66. h6 a4 67. h7 Rh1 68. c8=Q Rh6+ 69. Qc6 Rxh7 70. Qe4+ Kb3 71. Qxh7 a3 72. Qb1+ Kc3 73. Qa1+ Kb3 74. Kb5 a2 75. Kc5 Kc2 76. Qxa2+ 1-0


[Site "https://www.chess.com"]

[Event "Titled Tuesday Blitz August 09 Early 2022"]
[White "Martin Alvarez, Inigo"]
[Black "Kilic, Eray"]
[WhiteFideId "2259354"]
[BlackFideId "44517173"]
[WhiteElo "2313"]
[BlackElo "1776"]
[Result "0-1"]
[Round "06"]
[TimeControl "180+1"]
[Date "2022.08.09"]
[WhiteClock "0:00:18"]
[BlackClock "0:01:52"]

1. e4 e5 2. Nf3 d5 3. Nc3 dxe4 4. Nxe4 Nf6 5. Nxf6+ Qxf6 6. Bd3 Bd6 7. O-O O-O 8. Re1 Nc6 9. Be4 Bf5 10. d3 Bxe4 11. Rxe4 h6 12. Bd2 Rae8 13. Bc3 Qe6 14. Qe2 f5 15. Ra4 a6 16. Re1 Qd5 17. Rh4 Be7 18. Ra4 Bf6 19. Nd2 b5 20. Rxa6 b4 21. Rxc6 Qxc6 22. Bxb4 Rf7 23. Nc4 e4 24. c3 Kh7 25. Ne3 Bg5 26. d4 Qg6 27. a4 f4 28. Nc4 f3 29. Qf1 e3 30. Ne5 Rxe5 31. dxe5 fxg2 32. Qxg2 exf2+ 33. Qxf2 Rxf2 34. Kxf2 Bh4+ 35. Kf1 Qd3+ 36. Kg2 Bxe1 37. Kg1 Qe4 0-1


[Site "https://www.chess.com"]

[Event "Titled Tuesday Blitz August 09 Early 2022"]
[White "Martinez, Shawn"]
[Black "Williams, Simon K"]
[WhiteFideId "2039770"]
[BlackFideId "404454"]
[WhiteElo "2174"]
[BlackElo "2468"]
[Result "0-1"]
[Round "06"]
[TimeControl "180+1"]
[Date "2022.08.09"]
[WhiteClock "0:00:01"]
[BlackClock "0:00:50"]

1. e4 d6 2. d4 Nf6 3. Nc3 Nbd7 4. Bg5 e5 5. Nf3 Be7 6. Qd2 c6 7. a4 Qc7 8. Bd3 O-O 9. O-O Re8 10. Rfe1 Nf8 11. a5 Ng6 12. h3 h6 13. Be3 Nh5 14. Nh2 Nhf4 15. Ne2 Nxd3 16. cxd3 Be6 17. Rac1 d5 18. Nf3 dxe4 19. dxe4 Red8 20. Qc3 Bf6 21. d5 Bd7 22. Red1 Be8 23. b4 Qd7 24. dxc6 Qxc6 25. Qb2 Qxe4 26. Ng3 Rxd1+ 27. Rxd1 Qc6 28. Nf5 a6 29. h4 Qc8 30. g4 h5 31. Nh2 hxg4 32. Nd6 Qe6 33. h5 Nf4 34. Nxb7 Bc6 35. Nc5 Nh3+ 36. Kf1 Bb5+ 37. Ke1 Qc6 0-1


[Site "https://www.chess.com"]

[Event "Titled Tuesday Blitz August 09 Early 2022"]
[White "Mathieu, Phileas"]
[Black "Vovk, Orest"]
[WhiteFideId "36048410"]
[BlackFideId "14113490"]
[WhiteElo "2138"]
[BlackElo "2203"]
[Result "1/2-1/2"]
[Round "06"]
[TimeControl "180+1"]
[Date "2022.08.09"]
[WhiteClock "0:00:02"]
[BlackClock "0:00:02"]

1. e4 g5 2. d4 h6 3. h4 g4 4. Nc3 Bg7 5. Be3 d6 6. Be2 Nf6 7. Qd2 c6 8. a4 Qa5 9. Bd3 Nbd7 10. Nge2 Nh5 11. g3 b5 12. b4 Qxb4 13. axb5 cxb5 14. Rb1 Qa5 15. Rxb5 Qa1+ 16. Rb1 Qa5 17. O-O a6 18. Ra1 Qc7 19. Nd5 Qd8 20. c3 e6 21. Nb4 a5 22. d5 Ne5 23. Nd4 exd5 24. Nbc6 Qc7 25. exd5 Bd7 26. Nxe5 dxe5 27. Nf5 Bxf5 28. Bxf5 Qd6 29. c4 e4 30. Rac1 Nxg3 31. fxg3 Qxg3+ 32. Kh1 Qh3+ 33. Kg1 Qg3+ 34. Kh1 Qh3+ 35. Qh2 Qxe3 36. Rce1 Qc3 37. Rxe4+ Kf8 38. Be6 Bf6 39. Ref4 g3 40. Qg2 Bxh4 41. Rxf7+ Ke8 42. Bd7+ Kd8 43. Bc6 Rc8 44. Rd7+ Ke8 45. Rh7+ Kd8 46. Rxh8+ Qxh8 47. Qh3 Rxc6 48. Qxh4+ Kc7 49. dxc6 Qc3 50. Qf4+ Kb6 51. Qf3 Qxc4 52. Kg2 Qxc6 53. Rb1+ Kc7 54. Qxc6+ Kxc6 55. Kxg3 Kc5 56. Kf3 Kc4 57. Ke3 Kc3 58. Rc1+ Kb2 59. Rh1 a4 60. Kd3 a3 61. Rh2+ Kb3 62. Rxh6 Kb2 63. Rb6+ Kc1 64. Ra6 Kb2 65. Rb6+ Kc1 66. Ra6 Kb2 67. Rb6+ 1/2-1/2


[Site "https://www.chess.com"]

[Event "Titled Tuesday Blitz August 09 Early 2022"]
[White "McConnell, Griffin"]
[Black "Musovic, Armin"]
[WhiteFideId "30942551"]
[BlackFideId "939935"]
[WhiteElo "2314"]
[BlackElo "2255"]
[Result "0-1"]
[Round "06"]
[TimeControl "180+1"]
[Date "2022.08.09"]
[WhiteClock "0:00:24"]
[BlackClock "0:00:47"]

1. e4 c6 2. Nc3 d5 3. d3 a6 4. f4 Nf6 5. Be2 c5 6. Nf3 Nc6 7. O-O h6 8. a3 b5 9. e5 Ng8 10. Qe1 e6 11. Qg3 Nge7 12. Nh4 g6 13. Bd1 Bb7 14. Ne2 d4 15. Kh1 Nf5 16. Nxf5 gxf5 17. Qf2 Rg8 18. Ng1 Ne7 19. Bf3 Nd5 20. Ne2 Be7 21. Ng3 Bh4 22. b4 cxb4 23. axb4 Qb6 24. Bb2 Ne3 25. Bxb7 Qxb7 26. Bxd4 Ng4 27. Qf3 Qxf3 28. gxf3 Nxh2 29. Kxh2 Bxg3+ 30. Kg2 Bxf4+ 31. Kf2 O-O-O 32. c3 Kb7 33. Rg1 h5 34. Rh1 h4 35. Rag1 Bg3+ 36. Ke3 Rg6 37. Rh3 Rc8 38. Ke2 f4 39. Rg2 Rg5 40. Kf1 Rcg8 41. Rh1 Rh8 42. Rh3 Rhh5 43. Ke2 Rxe5+ 44. Bxe5 Rxe5+ 45. Kd2 Re3 46. Rh1 Rxf3 47. Re1 h3 48. Ree2 hxg2 49. Rxg2 Rf2+ 50. Rxf2 Bxf2 51. Ke2 Be3 52. Kf3 f5 53. d4 Kc6 54. Ke2 Kd5 55. Kd3 e5 56. Ke2 e4 57. c4+ Kxc4 58. Kf1 Kxd4 59. Ke2 Kc4 60. Kd1 Kxb4 61. Kc2 Kc5 62. Kb1 a5 63. Ka1 Bd4+ 64. Ka2 Be5 65. Kb1 Bd6 66. Kc2 Bc7 67. Kd1 Kd4 68. Kc2 f3 69. Kb1 e3 70. Kc2 Kc4 71. Kb2 Bb8 72. Ka2 b4 73. Kb2 a4 74. Ka2 a3 75. Kb1 Kc3 76. Kc1 e2 77. Kb1 b3 78. Kc1 f2 79. Kb1 f4 80. Ka1 f3 81. Kb1 e1=Q# 0-1


[Site "https://www.chess.com"]

[Event "Titled Tuesday Blitz August 09 Early 2022"]
[White "Melaugh, Shane"]
[Black "Hua, Lefong"]
[WhiteFideId "2509580"]
[BlackFideId "2602253"]
[WhiteElo "1946"]
[BlackElo "2611"]
[Result "0-1"]
[Round "06"]
[TimeControl "180+1"]
[Date "2022.08.09"]
[WhiteClock "0:00:28"]
[BlackClock "0:00:21"]

1. c4 Nf6 2. Nc3 g6 3. d4 Bg7 4. e4 O-O 5. Be2 d6 6. Be3 c5 7. dxc5 dxc5 8. Qxd8 Rxd8 9. Bxc5 Nc6 10. Nf3 b6 11. Ba3 Ba6 12. O-O Nd4 13. Nxd4 Rxd4 14. Bxe7 Nxe4 15. Nxe4 Rxe4 16. Bf3 Rxe7 17. Bxa8 Bxb2 18. Rae1 Rc7 19. Bd5 Bxc4 20. Bxc4 Rxc4 21. Re7 a5 22. Rd1 Rf4 23. g3 Rf6 24. Rb7 Ba3 25. Kg2 Bc5 26. f4 h5 27. Rdd7 Rf5 28. Kf3 Kg7 29. Ke4 Rf6 30. h3 Re6+ 31. Kd5 Rf6 32. a4 h4 33. gxh4 Rxf4 34. Ke5 Rf5+ 35. Ke4 Rf1 36. Rbc7 Kg8 37. Rc8+ Kg7 38. Rcc7 Rf2 39. Ke5 Rf3 40. Ke4 Rf1 41. Kd3 Rf4 42. Ke2 Kh6 43. Rxf7 Rxh4 44. Rc6 Rxa4 45. Rff6 Ra2+ 46. Kf1 Ra1+ 47. Kg2 Rg1+ 48. Kh2 Rg5 49. h4 Rg4 50. Kh3 Kh5 51. Rce6 Rxh4+ 52. Kg3 Rg4+ 53. Kf3 Rg1 54. Re4 Rf1+ 55. Kg3 Rxf6 56. Rh4+ Kg5 57. Rg4+ Kf5 58. Rf4+ Ke6 59. Re4+ Kf7 60. Kg4 Bd6 61. Kg5 Rf5+ 62. Kg4 Rf4+ 63. Rxf4+ Bxf4 64. Kxf4 Kf6 0-1


[Site "https://www.chess.com"]

[Event "Titled Tuesday Blitz August 09 Early 2022"]
[White "Melikyan, Gnel"]
[Black "Veiga, Jose Francisco R P Neves"]
[WhiteFideId "54109990"]
[BlackFideId "1930087"]
[WhiteElo "1772"]
[BlackElo "2273"]
[Result "1-0"]
[Round "06"]
[TimeControl "180+1"]
[Date "2022.08.09"]
[WhiteClock "0:00:59"]
[BlackClock "0:00:41"]

1. e4 g6 2. g3 Bg7 3. Bg2 c5 4. Ne2 Nc6 5. O-O d6 6. c3 Nf6 7. d4 cxd4 8. cxd4 O-O 9. Nbc3 e5 10. dxe5 dxe5 11. Qxd8 Rxd8 12. Bg5 Bg4 13. Rfe1 Rd3 14. Bf1 h6 15. Bxf6 Bxf6 16. Nf4 Rxc3 17. Nd5 Bg7 18. bxc3 Rd8 19. Be2 Be6 20. Rad1 f5 21. Ne7+ Kf7 22. Nxc6 Rxd1 23. Bxd1 bxc6 24. Bb3 Bf8 25. f3 Bc5+ 26. Kf1 Ke7 27. Bxe6 Kxe6 28. Ke2 h5 29. Kd3 Bb6 30. a4 Kd6 31. Kc4 Ke6 32. Rd1 Bf2 33. Rd2 Bg1 34. Rg2 Bb6 35. Ra2 Bg1 36. a5 Kd6 37. h3 Ke6 38. g4 fxg4 39. fxg4 h4 40. Ra1 Be3 41. Rf1 Bf4 42. Kc5 Kd7 43. Rf3 Kc7 44. Rd3 Bh2 45. Kc4 Bg1 46. Rf3 Kb7 47. Rf7+ Ka6 48. Rf6 Kxa5 49. Rxc6 g5 50. Re6 Bh2 51. Kc5 Ka4 52. c4 Kb3 53. Ra6 Kc3 54. Kd5 Kd3 55. Ra3+ Ke2 56. c5 Bg1 57. Rb3 a5 58. c6 a4 59. Rb2+ Kf3 60. c7 a3 61. Rb3+ Kg2 62. c8=Q a2 63. Qc2+ Kh1 64. Qxa2 Bf2 65. Qe2 Bg1 66. Qf3+ Kh2 67. Rb2+ Bf2 68. Qxf2+ Kxh3 69. Qg2# 1-0


[Site "https://www.chess.com"]

[Event "Titled Tuesday Blitz August 09 Early 2022"]
[White "Mohammad Fahad, Rahman"]
[Black "Legenia, Artem"]
[WhiteFideId "10207791"]
[BlackFideId "14136945"]
[WhiteElo "2323"]
[BlackElo "1936"]
[Result "1-0"]
[Round "06"]
[TimeControl "180+1"]
[Date "2022.08.09"]
[WhiteClock "0:01:11"]
[BlackClock "0:00:55"]

1. d4 d5 2. Nc3 Nf6 3. Bf4 c6 4. e3 Bf5 5. Nf3 h6 6. Ne5 Nbd7 7. Bd3 Bxd3 8. cxd3 e6 9. O-O Nxe5 10. dxe5 Nd7 11. d4 Bb4 12. Qb3 Bxc3 13. bxc3 Qb6 14. Qa3 c5 15. Rab1 Qc7 16. c4 dxc4 17. d5 O-O 18. Qc3 a6 19. d6 Qc6 20. Qxc4 b5 21. Qc2 c4 22. Bg3 Nc5 23. Rbd1 Rfd8 24. Rd4 Rac8 25. Rc1 Nd7 26. f4 a5 27. h3 Nf8 28. Kh2 a4 29. Bh4 Rd7 30. f5 exf5 31. Qxf5 Ne6 32. Rg4 Kh8 33. Be7 Nd8 34. Rxg7 Kxg7 35. Bf6+ Kf8 36. Qh7 1-0


[Site "https://www.chess.com"]

[Event "Titled Tuesday Blitz August 09 Early 2022"]
[White "Molina, Roberto Junio Brito"]
[Black "Pinheiro, Iung Alicio de O."]
[WhiteFideId "2109450"]
[BlackFideId "2104350"]
[WhiteElo "2810"]
[BlackElo "2650"]
[Result "1-0"]
[Round "06"]
[TimeControl "180+1"]
[Date "2022.08.09"]
[WhiteClock "0:00:21"]
[BlackClock "0:00:27"]

1. d4 Nf6 2. c4 g6 3. Nc3 d5 4. Nf3 Bg7 5. Qb3 dxc4 6. Qxc4 O-O 7. e4 Nc6 8. Be3 Bg4 9. Be2 Bxf3 10. Bxf3 e5 11. d5 Nd4 12. Bd1 c6 13. dxc6 bxc6 14. O-O Rb8 15. b3 Qa5 16. a3 Rfd8 17. b4 Qc7 18. Rc1 Qe7 19. f3 Nh5 20. Na4 Bf6 21. Qc5 Qe6 22. Rf2 Nf4 23. Rd2 Be7 24. Qc4 Qf6 25. g3 Nfe6 26. Kg2 h5 27. h4 g5 28. hxg5 Nxg5 29. Qf1 h4 30. Qf2 Nge6 31. f4 hxg3 32. Qxg3+ Kf8 33. fxe5 Qh4 34. Qxh4 Bxh4 35. Bg4 Bg5 36. Bxg5 Nxg5 37. Rc4 Nb5 38. Re2 Nd4 39. Re3 Ke7 40. Nc5 a5 41. bxa5 Rb2+ 42. Kg3 Nge6 43. Nxe6 fxe6 44. Rd3 Nf5+ 45. exf5 Rd4 46. Rcxd4 1-0


[Site "https://www.chess.com"]

[Event "Titled Tuesday Blitz August 09 Early 2022"]
[White "Mouhamad, Joachim"]
[Black "Bashirli, Saadat"]
[WhiteFideId "656410"]
[BlackFideId "13429990"]
[WhiteElo "2147"]
[BlackElo "1173"]
[Result "1-0"]
[Round "06"]
[TimeControl "180+1"]
[Date "2022.08.09"]
[WhiteClock "0:00:34"]
[BlackClock "0:00:23"]

1. e4 c5 2. Nc3 g6 3. f4 Bg7 4. Nf3 e6 5. e5 Ne7 6. Ne4 O-O 7. d3 b6 8. Be3 Nbc6 9. Be2 Nd5 10. Qd2 Nxe3 11. Qxe3 Qe7 12. O-O f5 13. Nd6 Ba6 14. c3 Rab8 15. a4 Na5 16. Nd2 Bb7 17. b4 cxb4 18. cxb4 Nc6 19. Rab1 g5 20. d4 g4 21. Rfc1 Qh4 22. g3 Qh3 23. Bf1 Qh6 24. Bg2 Qg6 25. Qd3 a6 26. Nf1 Na7 27. Bxb7 Rxb7 28. Nxb7 Nc6 29. Nd6 a5 30. bxa5 bxa5 31. Rb7 Nb4 32. Qb3 Rd8 33. Ne3 Bf8 34. d5 Bxd6 35. exd6 exd5 36. Nxd5 Qe6 37. Ne7+ Kf7 38. Qxe6+ dxe6 39. Nc6+ 1-0


[Site "https://www.chess.com"]

[Event "Titled Tuesday Blitz August 09 Early 2022"]
[White "Najdin, Danil"]
[Black "Kostina, Nadezhda"]
[WhiteFideId "4172426"]
[BlackFideId "4195876"]
[WhiteElo "2240"]
[BlackElo "1980"]
[Result "0-1"]
[Round "06"]
[TimeControl "180+1"]
[Date "2022.08.09"]
[WhiteClock "0:00:49"]
[BlackClock "0:00:38"]

1. Nf3 d5 2. g3 Nf6 3. Bg2 c5 4. O-O Nc6 5. d3 g6 6. c4 Bg7 7. Nc3 O-O 8. cxd5 Nxd5 9. Nxd5 Qxd5 10. Nd2 Qh5 11. Qc2 Nd4 12. Qd1 Nxe2+ 13. Kh1 Bg4 14. f3 Nxg3+ 15. Kg1 Nxf1 16. fxg4 Ne3 17. gxh5 Nxd1 18. h6 Bxh6 19. Nc4 Bxc1 20. Rxc1 b5 21. Ne5 Nxb2 22. Bxa8 Rxa8 23. Rxc5 a6 24. Rc7 Kf8 25. Kf2 f6 26. Nc6 Nxd3+ 27. Ke3 Ne5 28. Nxe5 fxe5 29. Ke4 Rd8 30. Rc6 Rd6 31. Rc8+ Kf7 32. Kxe5 Rd2 33. a3 Rxh2 34. Rc6 Re2+ 35. Kd5 Rd2+ 36. Ke5 Rd6 0-1


[Site "https://www.chess.com"]

[Event "Titled Tuesday Blitz August 09 Early 2022"]
[White "Nakamura, Hikaru"]
[Black "Martinez Alcantara, Jose Eduardo"]
[WhiteFideId "2016192"]
[BlackFideId "3805662"]
[WhiteElo "3207"]
[BlackElo "3041"]
[Result "1-0"]
[Round "06"]
[TimeControl "180+1"]
[Date "2022.08.09"]
[WhiteClock "0:00:42"]
[BlackClock "0:00:08"]

1. Nf3 Nf6 2. b3 g6 3. Bb2 Bg7 4. d4 O-O 5. g3 b6 6. Bg2 Bb7 7. O-O e6 8. e3 d5 9. Qe2 Nbd7 10. Rd1 a5 11. c4 c6 12. Nc3 Ba6 13. Qc2 b5 14. cxb5 cxb5 15. Rac1 Qb8 16. Qb1 Rc8 17. Ne1 Bf8 18. Nd3 b4 19. Na4 Rxc1 20. Rxc1 Ne4 21. Ndc5 Nef6 22. Nxa6 Rxa6 23. Rc2 Nb6 24. Nc5 Ra7 25. Qc1 Ne8 26. Nd3 Rc7 27. Nc5 Qa7 28. Bf1 Nd7 29. Bb5 Ndf6 30. Ba4 Bd6 31. Kg2 h5 32. h3 Ng7 33. Bb5 Nf5 34. Bd3 Ne7 35. a3 bxa3 36. Bxa3 Ne8 37. Qd2 Nc6 38. Bb5 Qb6 39. Ba4 Bf8 40. Nd7 Rxd7 41. Rxc6 Qa7 42. Bxf8 Kxf8 43. Rc8 Re7 44. Qc3 Qb7 45. Qc5 1-0


[Site "https://www.chess.com"]